 Dungeon Crawl Stone Soup version 0.29.1-15-g9cfb28693d (webtiles) character file.

Game seed: 14831367592896333791

22 Heoruswealwe the Conjurer (level 2, 0/15 HPs)
             Began as a Deep Elf Conjurer on Mar 7, 2023.
             Slain by a jackal (1 damage)
             ... on level 1 of the Dungeon.
             The game lasted 00:03:29 (326 turns).

Heoruswealwe the Conjurer (Deep Elf Conjurer)        Turns: 326, Time: 00:03:31

Health: 0/15       AC:  2    Str:  4    XL:     2   Next: 68%
Magic:  7/8        EV: 12    Int: 22    God:
Gold:   18         SH:  0    Dex: 13    Spells: 5/8 levels left

rFire   . . .      SeeInvis .   c - +0 dagger
rCold   . . .      Faith    .   (no shield)
rNeg    . . .      Spirit   .   a - +0 robe
rPois   .          Reflect  .   (no helmet)
rElec   .          Harm     .   (no cloak)
rCorr   .          Rampage  .   (no gloves)
Will    .....                   (no boots)
Stlth   ++........              (no amulet)
HPRegen 0.05/turn               (no ring)
MPRegen 0.11/turn               (no ring)

@: no status effects
A: no striking features
a: no special abilities


You were on level 1 of the Dungeon.
You visited 1 branch of the dungeon, and saw 1 of its levels.

You collected 18 gold pieces.

Inventory:

Hand Weapons
 c - a +0 dagger (weapon)
Armour
 a - a +0 robe (worn)
Scrolls
 d - a scroll of identify {unknown}


   Skills:
 - Level 2.4 Dodging
 - Level 2.4 Stealth
 + Level 3.9 Spellcasting
 + Level 4.9 Conjurations


You had 5 spell levels left.
You knew the following spells:

 Your Spells              Type           Power      Damage    Failure   Level
a - Magic Dart            Conj           100%       1d8       1%          1
b - Searing Ray           Conj           50%        2d6       2%          2

Your spell library contained the following spells:

 Spells                   Type           Power      Damage    Failure   Level
 Dazzling Flash           Conj/Hex       30%        N/A       12%         3
 Fulminant Prism          Conj/Hex       7%         3d7       38%         4
 Iskenderun's Mystic Bla  Conj/Tloc      15%        2d5       38%         4


Dungeon Overview and Level Annotations

Branches:
Dungeon (1/15)

Altars:


Message History

You closely miss the jackal.
The jackal is severely wounded.
The jackal barely misses you. The jackal misses you.
The jackal barely misses you. The jackal bites you.
You hit the jackal.
You kill the jackal!
The jackal closely misses you.
You miss the jackal. The jackal barely misses you.
The dart slug bites you but does no damage.
You closely miss the jackal. The jackal bites you.
The jackal closely misses you.
You closely miss the jackal. The jackal misses you. The dart slug bites you.
You are too injured to fight recklessly!
Casting: Magic Dart (safe; 1% risk of failure)
Confirm with . or Enter, or press ? or * to list all spells.
Aiming: Magic Dart (safe; 1% risk of failure)
Press: ? - help, Shift-Dir - straight line, f - jackal
Aim: a jackal (100% to hit)
The magic dart hits the jackal but does no damage.
The jackal bites you but does no damage.
The jackal bites you.
The dart slug bites you but does no damage.
You hit the jackal but do no damage. The jackal barely misses you.
Magic courses through your body.
The jackal bites you but does no damage.
The dart slug launches a dart at you. The slug dart hits you.
* * * LOW HITPOINT WARNING * * *
The jackal bites you.
* * * LOW HITPOINT WARNING * * *
You are too injured to fight recklessly!
Casting: Magic Dart (safe; 1% risk of failure)
Confirm with . or Enter, or press ? or * to list all spells.
Aiming: Magic Dart (safe; 1% risk of failure)
Press: ? - help, Shift-Dir - straight line, f/p - jackal
Aim: a jackal (100% to hit)
The magic dart hits the jackal.
The jackal is severely wounded.
The jackal bites you.
You die...

#.#.# #.#.#.#
#......# #.#.#
#.#.#.# #.##...#
#.#[# #.#.#†#
#.##...# #.#.#
#.#.#.# #.##...#
#.#)#
#.#.#.####'##.†.###
#.#.#
#.#'#'##...........
#.#.#
#.....(.........#####
#.#.#
#.........w..........
#.#.#
#........@h........(.
#.#.#
#.#'#'####'##........
#.#.#
#.#.#...........#####
#.#.#
#.#........###..#
#.#.#
#...#.........h...
#.#.#
###.#.########..###
#.#.# #.#.# >.. #.#.#
#.#.# .... #.#.#
#.#'#####


You could see a dart slug and a jackal.

Vanquished Creatures
  A gnoll (D:1)
  2 bats (D:1)
  A giant cockroach (D:1)
  A goblin (D:1)
  3 jackals (D:1)
  A kobold (D:1)
  2 rats (D:1)
11 creatures vanquished.

Notes
Turn   | Place    | Note
-------+----------+-------------------------------------------
     0 | D:1      | Heoruswealwe the Deep Elf Conjurer began the quest for the
                  | Orb.
     0 | D:1      | Reached XP level 1. HP: 10/10 MP: 6/6
    19 | D:1      | Reached XP level 2. HP: 15/15 MP: 3/8
   277 | D:1      | Learned a level 2 spell: Searing Ray
   326 | D:1      | Slain by a jackal

Illustrated notes

Levels and vault maps discovered:
D:1:      dpeg_arrival_court, layout_basic

Action                   || total
-------------------------++-------
Melee: Dagger            ||     8
 Cast: Magic Dart        ||    25
  Use: Potion            ||     1
Armor: Robe              ||     6
Dodge: Dodged            ||    12
